 Dungeon Crawl Stone Soup version 0.28-a0-580-ga2639ab843 (webtiles) character file.

Game seed: 14234890959526612726

1 timneilson the Covered (level 1, 0/14 HPs)
             Began as a Gargoyle Fighter on Oct 2, 2021.
             Slain by a ball python (1 damage)
             ... on level 1 of the Dungeon.
             The game lasted 00:00:11 (25 turns).

timneilson the Covered (Gargoyle Fighter)             Turns: 25, Time: 00:00:11

Health: 0/14       AC:  9    Str: 19    XL:     1   Next: 20%
Magic:  1/1        EV:  6    Int:  8    God:
Gold:   0          SH:  4    Dex:  9    Spells: 0/0 levels left

rFire   . . .      SeeInvis .   a - +0 long sword
rCold   . . .      Faith    .   c - +0 buckler
rNeg    + . .      Spirit   .   b - +0 scale mail
rPois   ∞          Reflect  .   (no helmet)
rElec   +          Harm     .   (no cloak)
rCorr   .          Rampage  .   (no gloves)
Will    .....                   (no boots)
Stlth   ..........              (no amulet)
HPRegen 0.04/turn               (no ring)
MPRegen 0.07/turn               (no ring)

@: constricted
A: sickness immunity, AC +2, negative energy resistance 1, electricity
resistance, torment resistance 1, petrification resistance
a: no special abilities


You were on level 1 of the Dungeon.
You visited 1 branch of the dungeon, and saw 1 of its levels.

Inventory:

Hand Weapons
 a - a +0 long sword (weapon)
Armour
 b - a +0 scale mail (worn)
 c - a +0 buckler (worn)
Potions
 d - a potion of might


   Skills:
 + Level 3.3 Fighting
 * Level 1.8 Long Blades
 * Level 3.3 Armour
 + Level 0.0 Dodging
 * Level 3.3 Shields


You couldn't memorise any spells.
You didn't know any spells.
Your spell library was empty.

Dungeon Overview and Level Annotations

Branches:
Dungeon (1/15)

Altars:


Innate Abilities, Weirdness & Mutations

You are immune to sickness and miasma.
Your stone body is resilient. (AC +2)
You are immune to poison.
You resist negative energy. (rN+)
You are resistant to electric shocks. (rElec)
You are resistant to unholy torment.
You are immune to petrification.


Message History

The ball python bites you but does no damage.
The ball python grabs you. The ball python constricts you.
Your scale mail prevents you from hitting the ball python.
The ball python bites you but does no damage.
The ball python constricts you.
The kobold hits you with a +0 short sword.
The hobgoblin barely misses you.
The ball python bites you but does no damage.
The ball python constricts you.
The kobold hits you with a +0 short sword.
The hobgoblin hits you but does no damage.
You escape the ball python's grasp.
You block the hobgoblin's attack.
There is an open door here.
You closely miss the hobgoblin. The kobold misses you. The hobgoblin hits you.
You barely miss the hobgoblin. The kobold hits you but does no damage.
The hobgoblin barely misses you.
You slash the hobgoblin!
You kill the hobgoblin!
The kobold hits you but does no damage.
The ball python bites you but does no damage.
The ball python grabs you. The ball python constricts you.
The kobold hits you with a +0 short sword.
You barely miss the kobold. You block the ball python's attack.
The ball python constricts you. The kobold hits you but does no damage.
You barely miss the kobold.
The ball python bites you but does no damage.
The ball python constricts you. You block the kobold's attack.
The ball python barely misses you. The ball python constricts you.
You barely miss the kobold. The kobold hits you but does no damage.
The ball python bites you.
* * * LOW HITPOINT WARNING * * *
The ball python constricts you.
The kobold hits you with a +0 short sword.
* * * LOW HITPOINT WARNING * * *
You barely miss the kobold.
The ball python bites you but does no damage.
The ball python constricts you.
* * * LOW HITPOINT WARNING * * *
The kobold hits you but does no damage. The ball python bites you.
You die...

....# ######+##
...?# #...#...#
#....# +.<.#...#
.....# #...#...#
.....# ##'###'##
.....##
#(..#...##......#
+...'.⌠.@K.......
#...#...#S.....##
##+###+##........
....##### ....#
.....# .....#
###.###


You could see a ball python and a kobold.

Vanquished Creatures
  A hobgoblin (D:1)
1 creature vanquished.

Notes
Turn   | Place    | Note
-------+----------+-------------------------------------------
     0 | D:1      | timneilson the Gargoyle Fighter began the quest for the
                  | Orb.
     0 | D:1      | Reached XP level 1. HP: 14/14 MP: 1/1
    25 | D:1      | Slain by a ball python

Illustrated notes

Levels and vault maps discovered:
D:1:      co_arrival_random_square_maze, layout_rooms,
          hellmonk_ecumenical_altar_lost_god

Action                   || total
-------------------------++-------
Melee: Long sword        ||    10
Armor: Scale mail        ||    12
Dodge: Dodged            ||     5
Block: Buckler           ||     4

Table legend: (Time is in decaauts)
 A = Elapsed time spent in this place.
 B = Non-inter-level travel time spent in this place.
 C = Inter-level travel time spent in this place.
 D = Time resting spent in this place.
 E = Time spent auto-exploring this place.
 F = Levels seen in this place.
 G = Mean time per level.
                   A        B        C        D        E       F      G
               +--------+--------+--------+--------+--------+-----+--------+
         Total |     27 |     27 |      0 |      0 |     12 |   1 |   27.0 |
       Dungeon |     27 |     27 |      0 |      0 |     12 |   1 |   27.0 |
               +--------+--------+--------+--------+--------+-----+--------+

Top non-repeatable levels by time:
     D:1: 27 daAuts
